 Dungeon Crawl Stone Soup version 0.17.2-1-ge4368a0 (webtiles) character file.

623 hexophile the Cleaver (level 7, 0/62 HPs)
             Began as a Naga Berserker on July 18, 2018.
             Was a Priest of Trog.
             Slain by a centaur (6 damage)
             ... on level 5 of the Dungeon.
             The game lasted 00:06:55 (4527 turns).

hexophile the Cleaver (Naga Berserker)              Turns: 4527, Time: 00:06:55

Health: 0/62       AC:  6    Str: 22    XL:     7   Next: 46%
Magic:  7/7        EV:  8    Int:  5    God:    Trog [***...]
Gold:   148        SH:  0    Dex: 10    Spells: 0 memorised, 6 levels left

rFire  . . .     SeeInvis +     a - +0 hand axe
rCold  . . .     Clarity  .     w - +0 scale mail
rNeg   . . .     SustAt   .     (no shield)
rPois  +         Gourm    .     (no helmet)
rElec  .         Spirit   .     j - +0 cloak
rCorr  .         Warding  .     (no gloves)
rMut   .         Stasis   .     (no barding)
MR     ++...                    (no amulet)
Stlth  ..........               (no ring)
                                (no ring)

@: exhausted, regenerating, slowed, very slow, very resistant to hostile
enchantments, extremely unstealthy
A: see invisible, deformed body, dopey 1, poison resistance, slowness 2, slow
metabolism 1, spit poison 2, AC +2
a: Spit Poison, Berserk, Trog's Hand, Burn Spellbooks, Renounce Religion


You were on level 5 of the Dungeon.
You worshipped Trog.
Trog was most pleased with you.
You were not hungry.

You visited 1 branch of the dungeon, and saw 5 of its levels.

You collected 267 gold pieces.
You spent 119 gold pieces at shops.


Innate Abilities, Weirdness & Mutations

You cannot wear boots.
Your serpentine skin is tough (AC +2).
You have supernaturally acute eyesight.
Armour fits poorly on your strangely shaped body.
Your system is resistant to poisons.
You cover ground very slowly.
You have a slow metabolism.
You can spit poison.
You are dopey. (Int -2)

Inventory:

Hand Weapons
 a - a +0 hand axe (weapon)
Missiles
 v - 25 stones (quivered)
Armour
 i - a +0 shield
 j - a +0 cloak (worn)
 w - a +0 scale mail (worn)
Scrolls
 b - 2 scrolls of identify
 c - 3 scrolls of enchant weapon {unknown}
 f - a scroll of magic mapping {unknown}
 l - 4 scrolls of remove curse
 n - 2 scrolls of fog
 p - a scroll of recharging
 u - a scroll of enchant armour {unknown}
 y - a scroll of random uselessness {unknown}
 z - a scroll of noise {unknown}
 B - a scroll of summoning {unknown}
Potions
 d - a potion of ambrosia {unknown}
 e - a potion of invisibility {unknown}
 g - 3 potions of haste {unknown}
 h - a potion of might {unknown}
 k - a potion of cancellation {unknown}
 m - a potion of heal wounds {unknown}
 o - 3 potions of curing
 x - a potion of brilliance {unknown}
 A - a potion of agility {unknown}
 C - a potion of degeneration {unknown}
 D - a potion of cure mutation {unknown}
Comestibles
 q - a slice of pizza
 r - 6 bread rations
 t - 2 meat rations


You had 6 spell levels left.
You didn't know any spells.


   Skills:
 - Level 3.0 Fighting
 + Level 8.4 Axes
 - Level 1.5 Armour
 - Level 1.5 Dodging

Dungeon Overview and Level Annotations

Branches:
Dungeon (5/15)
 Temple: D:4-7

Altars:
Ashenzari
Elyvilon
Kikubaaqudgha
Makhleb
Vehumet
Xom
Yredelemnul
The Shining One

Shops:
D:4 *

Vault maps used:
D:1:      dpeg_arrival_stone_temple_mockup
D:2:      gammafunk_temple_overflow_elements, first_bread,
          minmay_misc_feat_doors, minmay_misc_feat_hallway, minmay_liquid_box,
          uniq_jessica
D:3:      overflow_temple_1_default, lemuel_crystal_altar,
          nicolae_overflow_hidden_temple, nicolae_ashenzari_panopticon
D:4:      serial_shops, kennysheep_little_box, serial_glass, glass_columns_a,
          glass_columns_c, roderic_roman_lattice, yredelemnul_altar_generic,
          uniq_duvessa
D:5:      corexii_shack_village, minmay_joined_circles
You       could see a centaur, a scorpion, 2 worker ants, an adder, a shadow
          imp, an orc, a quokka zombie, a quokka, a jackal, 2 giant cockroaches
          and a giant frog skeleton.


Message History

The giant cockroach waves its antennae.
The centaur shoots an arrow.
The arrow hits you.
You see here 2 arrows.
You lost 11 HP.
You have now: 26/62 HP.
You feel the effects of Trog's Hand fading.
The shadow imp shouts, "Slither away, thou rough-hewn onion-eyed hugger-mugger!"
The centaur shoots an arrow.
The arrow barely misses you.
You see here an arrow.
Restored 3 HP.
You have now: 29/62 HP.
The centaur shoots an arrow.
The arrow closely misses you.
The giant cockroach waves its antennae.
The centaur shoots an arrow.
The arrow hits you!
* * * LOW HITPOINT WARNING * * *
You lost 7 HP.
You have now: 22/62 HP.
Your skin crawls.
You feel resistant to hostile enchantments.
You feel slightly more hungry.
The centaur unwields an uncursed shortbow.
The centaur hits you but does no damage.
Restored 2 HP.
You have now: 24/62 HP.
You hit the centaur but do no damage.
You are starving!
The centaur hits you but does no damage.
The centaur hits you.
* * * LOW HITPOINT WARNING * * *
You hit the centaur.
The centaur is lightly wounded.
The centaur hits you but does no damage.
The centaur hits you.
* * * LOW HITPOINT WARNING * * *
You lost 5 HP.
You have now: 19/62 HP.
You hit the centaur.
The centaur is moderately wounded.
The centaur barely misses you. The centaur hits you.
* * * LOW HITPOINT WARNING * * *
You lost 3 HP.
You have now: 16/62 HP.
Eat which item? (? for menu, Esc to quit)
The centaur hits you but does no damage.
The centaur hits you!
* * * LOW HITPOINT WARNING * * *
You continue eating.
The centaur hits you.
* * * LOW HITPOINT WARNING * * *
The centaur hits you.
* * * LOW HITPOINT WARNING * * *
You continue eating.
The centaur hits you but does no damage.
The quokka twitches its whiskers.
The centaur hits you.
You die...

Action                   |  1- 3 |  4- 6 |  7- 9 || total
-------------------------+-------+-------+-------++-------
Melee: Hand axe          |    60 |   265 |    60 ||   385
Invok: Berserk           |     4 |     5 |     2 ||    11
       Trog's Hand       |       |     3 |     3 ||     6
 Abil: Spit Poison       |    22 |    18 |       ||    40
  Use: Scroll            |       |     6 |       ||     6
       Potion            |       |     2 |       ||     2
  Eat: Chunk             |     7 |    13 |     2 ||    22
       Meat ration       |       |       |     1 ||     1

Notes
Turn   | Place    | Note
--------------------------------------------------------------
     0 | D:1      | hexophile the Naga Berserker began the quest for the Orb.
     0 | D:1      | Reached XP level 1. HP: 21/21 MP: 1/1
   430 | D:1      | Reached XP level 2. HP: 21/28 MP: 2/2
  1406 | D:1      | Reached skill level 4 in Axes
  1413 | D:1      | Reached XP level 3. HP: 20/34 MP: 3/3
  1502 | D:2      | Noticed Jessica
  1675 | D:2      | Killed Jessica
  1877 | D:2      | Reached XP level 4. HP: 25/42 MP: 4/4
  1891 | D:2      | Reached ** piety under Trog
  1948 | D:2      | Reached skill level 5 in Axes
  2490 | D:2      | Reached XP level 5. HP: 33/49 MP: 5/5
  2586 | D:2      | Found a shimmering altar of Xom.
  2586 | D:2      | Found a burning altar of Makhleb.
  3029 | D:3      | Reached skill level 6 in Axes
  3044 | D:3      | Found a glowing golden altar of the Shining One.
  3058 | D:3      | Found an ancient bone altar of Kikubaaqudgha.
  3183 | D:3      | Reached *** piety under Trog
  3206 | D:3      | Found a shattered altar of Ashenzari.
  3211 | D:3      | Found a radiant altar of Vehumet.
  3212 | D:3      | Found a white marble altar of Elyvilon.
  3339 | D:3      | Found a shattered altar of Ashenzari.
  3556 | D:3      | Reached XP level 6. HP: 24/56 MP: 6/6
  3725 | D:4      | Found a basalt altar of Yredelemnul.
  3758 | D:4      | Noticed Duvessa
  3758 | D:4      | Noticed Dowan
  3773 | D:4      | Killed Duvessa
  3773 | D:4      | Reached skill level 7 in Axes
  3790 | D:4      | Killed Dowan
  3944 | D:4      | Found Anobaj's Assorted Antiques.
  3949 | D:4      | Bought a scroll labeled QAL RUGAOCIRO for 25 gold pieces
  3949 | D:4      | Bought a scroll labeled MUMIR BIHA for 25 gold pieces
  3949 | D:4      | Bought a sedimented blue potion for 22 gold pieces
  3949 | D:4      | Bought a smoky cyan potion for 22 gold pieces
  3949 | D:4      | Bought a scroll labeled LERCHU JOTINI for 25 gold pieces
  3955 | D:4      | Gained mutation: You have a pair of small horns on your head. [potion of mutation]
  3955 | D:4      | Gained mutation: You are dopey. (Int -2) [potion of mutation]
  3956 | D:4      | Gained mutation: You are agile. (Dex +2) [potion of mutation]
  3956 | D:4      | Lost mutation: You are agile. (Dex +2) [potion of mutation]
  3956 | D:4      | Lost mutation: You have a pair of small horns on your head. [potion of mutation]
  4052 | D:4      | Reached XP level 7. HP: 39/62 MP: 7/7
  4383 | D:5      | Entered Level 5 of the Dungeon
  4457 | D:5      | Reached skill level 8 in Axes
  4527 | D:5      | Slain by a centaur

Table legend:
 A = Turns spent in this place as a percentage of turns spent in the entire game.
 B = Non-inter-level travel turns spent in this place as a percentage of non-inter-level travel turns spent in the entire game.
 C = Inter-level travel turns spent in this place as a percentage of turns spent in this place.
 D = Turns resting spent in this place as a percentage of non-inter-level travel turns spent in this place.
 E = Turns spent auto-exploring this place as a percentage of non-inter-level travel turns spent in this place.
 F = Non-inter-level travel turns spent in this place divided by the number of levels of this place that you've seen.
                   A       B       C       D       E      F
               +-------+-------+-------+-------+-------+----------------------
         Total | 100.0 | 100.0 |   0.3 |   2.2 |   9.1 | 282.0
       Dungeon | 100.0 | 100.0 |   0.3 |   2.2 |   9.1 | 282.0
               +-------+-------+-------+-------+-------+----------------------

Table legend:
 A = Kills in this place as a percentage of kills in entire the game.
 B = Kills by you in this place as a percentage of kills by you in the entire game.
 C = Kills by friends in this place as a percentage of kills by friends in the entire game.
 D = Other kills in this place as a percentage of other kills in the entire game.
 E = Experience gained in this place as a percentage of experience gained in the entire game.
 F = Experience gained in this place divided by the number of levels of this place that you have seen.
                   A       B       C       D       E      F
               +-------+-------+-------+-------+-------+----------------------
         Total | 100.0 | 100.0 |  -nan |  -nan | 100.0 | 178.0
       Dungeon | 100.0 | 100.0 |  -nan |  -nan | 100.0 | 178.0
               +-------+-------+-------+-------+-------+----------------------

Vanquished Creatures
  Duvessa (D:4)
  An ice beast (D:5)
  Dowan (D:4)
  An orc wizard (D:4)
  Jessica (D:2)
  2 centaur skeletons (D:5)
  An orc priest (D:3)
  2 worker ants
  7 adders
  A shadow imp (D:3)
  7 worms
  3 giant geckos (D:1)
  9 orcs
  2 ball pythons
  13 hobgoblins
  8 kobolds
  A quokka (D:2)
  8 bats
  7 giant cockroaches
  6 giant newts
  9 goblins
  7 jackals
  A quokka skeleton (D:5)
  5 rats
104 creatures vanquished.

Vanquished Creatures (others)
  An orc wizard (D:4)
1 creature vanquished.

Grand Total: 105 creatures vanquished
